Map: Turbo Cruise '84 LE

Players

goblin

  • Race: Protoss Protoss
  • Spawn Location: 3:00

GunGFuBanDa - Winner!

  • Race: Protoss Protoss
  • Spawn Location: 7:00

Event: 2019 WCS Summer

VOD

Have the link to the VOD?

Description

Time

  • Played on: July 12, 2019, 7:13 a.m.
  • Length: 6:35

All games in this series

Show
View Real Time Build Order
Export as new Build Order

goblin Protoss 

Build Orders:  

Get SALT Encoding   

  12  0:00  Probe  
  13  0:12  Probe  
  14  0:17  Pylon  
  14  0:24  Probe  
  15  0:32  Probe  
  15  0:37  Gateway  
  15  0:40  Probe  
  16  0:46  Assimilator  
  17  0:51  Probe  
  17  0:55  Assimilator  
  18  0:59  Probe  
  19  1:07  Probe  
  19  1:08  Gateway  
  20  1:18  Probe  
  20  1:25  Cybernetics Core  
  21  1:30  Probe  
  22  1:37  Pylon  
  22  1:42  Probe  
  23  2:01  Adept  
  23  2:02  Adept  
  23  2:04  Warp Gate  
  23  2:07  Pylon  
  27  2:19  Robotics Facility  
  27  2:29  Gateway  
  27  2:35  Adept x2  
  31  2:50  Shield Battery  
  31  3:01  Immortal  
  35  3:24  Pylon  
  35  3:40  Warp Prism  
  37  3:55  Stalker, Sentry x2  
  43  4:03  Nexus  
  43  4:13  Pylon  
  43  4:17  Observer  
  44  4:34  Stalker, Sentry x2  
  51  4:47  Pylon  
  49  4:58  Stalker x2  
  34  5:36  Probe x2  
  33  5:55  Immortal  
  29  6:24  Zealot  
Show
View Real Time Build Order
Export as new Build Order

GunGFuBanDa Protoss - Winner!

Build Orders:  

Get SALT Encoding   

  12  0:00  Probe  
  13  0:12  Probe  
  14  0:18  Pylon  
  14  0:22  Probe  
  15  0:32  Probe  
  15  0:37  Gateway  
  15  0:42  Probe  
  16  0:46  Assimilator  
  17  0:54  Probe  
  17  0:55  Assimilator  
  18  1:02  Probe  
  18  1:09  Gateway  
  18  1:10  Probe  
  20  1:21  Probe  
  20  1:25  Cybernetics Core  
  21  1:33  Probe  
  21  1:35  Pylon  
  22  1:45  Probe  
  23  1:57  Probe  
  24  2:02  Stalker x2  
  24  2:03  Warp Gate  
  28  2:18  Robotics Facility  
  28  2:32  Stalker  
  30  2:38  Stalker  
  30  2:42  Pylon  
  31  2:51  Shield Battery  
  31  3:00  Probe  
  31  3:01  Shield Battery  
  31  3:04  Immortal  
  36  3:24  Pylon  
  36  3:33  Warp Prism  
  36  3:43  Gateway  
  36  3:44  Pylon  
  38  3:54  Sentry x2  
  41  4:03  Immortal  
  45  4:20  Adept x2  
  49  4:30  Shield Battery  
  49  4:35  Pylon  
  49  4:39  Observer  
  50  4:59  Stalker  
  52  5:15  Immortal  
  52  5:25  Adept x2  
  47  5:50  Immortal  
  51  5:59  Stalker x2  
  51  6:03  Stalker  
  55  6:06  Pylon  
  51  6:24  Adept  
  51  6:25  Adept  
  55  6:26  Adept  
Tags
 
Add a new tag
Caveats
  • Supply blocks, unpowered buildings, or Contaminate may cause inaccurate times.
  • Supply counts are checked every 10 seconds.